 Dungeon Crawl Stone Soup version 0.31-a0-816-gd61d57ddb1 (webtiles) character file.

Game seed: 14969616629104732296

4114 Revguard the Sneak (level 10, -2/68 HPs)
             Began as an Octopode Shapeshifter on Sept 22, 2023.
             Was a Follower of Wu Jian.
             Slain by a gnoll
             ... wielding a +0 halberd
             ... led by a gnoll sergeant
              (15 damage)
             ... on level 9 of the Dungeon.
             The game lasted 00:18:59 (10090 turns).

Revguard the Sneak (Octopode Shapeshifter)         Turns: 10090, Time: 00:19:01

Health: -2/68      AC:  1    Str: 16    XL:     10   Next: 26%
Magic:  10/10      EV: 17    Int: 12    God:    Wu Jian [*.....]
Gold:   434        SH:  0    Dex: 20    Spells: 9/9 levels left

rFire   . .          .
                       - Unarmed
rCold   . . .        (no shield)
rNeg    . . .        (helmet currently unavailable)
rPois   .            (no amulet)
rElec   .            s - ring of resist corrosion
rCorr   +            o - +6 ring of dexterity
SInv    .            (no ring)
Will    .....        (no ring)
Stlth   +++++        (no ring)
HPRegen 0.31/turn    (no ring)
MPRegen 0.12/turn    (no ring)
                     (no ring)

%: no passive effects
@: lethally poisoned (-2 -> -14), beast-form
A: beast (slay +4), almost no armour, amphibious, 8 rings, camouflage 1,
gelatinous body 1, (nimble swimmer 1), tentacles
a: Begin Untransformation, Renounce Religion


You were on level 9 of the Dungeon.
You worshipped Wu Jian.
Wu Jian was aware of your devotion.
You were a hulking beast.
You visited 2 branches of the dungeon, and saw 10 of its levels.
You also visited: Sewer.

You collected 434 gold pieces.

Inventory:

Missiles
 d - a throwing net
Jewellery
 k - a ring of fire
 o - a +6 ring of dexterity (right tentacle)
 s - a ring of resist corrosion (left tentacle)
Talismans
 b - a beast talisman (active)
 c - a flux talisman
 h - a serpent talisman
Wands
 a - a wand of paralysis (13)
 i - a wand of digging (9)
 v - a wand of flame (14)
Scrolls
 n - a scroll of enchant weapon
 u - a scroll of fear
Potions
 e - 5 potions of haste
 f - 5 potions of curing
 g - a potion of attraction
 j - 2 potions of might
 p - 3 potions of brilliance
 r - a potion of cancellation


   Skills:
 + Level 5.7 Fighting
 + Level 6.0 Dodging
 + Level 7.8 Stealth
 + Level 6.3 Unarmed Combat
 + Level 6.0 Evocations
 * Level 7.3 Shapeshifting


You had 9 spell levels left.
You didn't know any spells.
Your spell library contained the following spells:

 Spells                   Type           Power      Damage    Failure   Level
 Sandblast                Erth           0%         2d4       32%         1
 Sting                    Tmut/Pois      0%         1d3       32%         1
 Blink                    Tloc           0%         N/A       45%         2
 Lesser Beckoning         Tloc           0%         N/A       45%         2
 Momentum Strike          Conj/Tloc      0%         3d8       45%         2
 Scorch                   Fire           0%         2d5       45%         2
 Ozocubu's Armour         Ice            0%         N/A       69%         3
 Brom's Barrelling Bould  Conj/Erth      0%         2d3       97%         4
 Flame Wave               Conj/Fire      0%         2d4       97%         4
 Fireball                 Conj/Fire      0%         3d3       100%        5
 Iskenderun's Battlesphe  Conj           0%         2d6       100%        5
 Conjure Ball Lightning   Conj/Air       0%         3x3d6     100%        6
 Simulacrum               Ice/Necr       0%         N/A       100%        6
 Summon Cactus Giant      Summ           0%         N/A       100%        6
 Orb of Destruction       Conj           0%         9d5       100%        7
 Ozocubu's Refrigeration  Ice            0%         4d7       100%        7
 Polar Vortex             Ice            0%         N/A       100%        9


Dungeon Overview and Level Annotations

Branches:
Dungeon (9/15)             Temple (1/1) D:4            Lair (0/5) D:8
  Sewer (visited)
    Orc: D:9-12

Altars:
Ashenzari
Cheibriados
Dithmenos
Elyvilon
Fedhas
Gozag
Hepliaklqana
Makhleb
Nemelex Xobeh
Qazlal
Sif Muna
Trog
Uskayaw
Wu Jian
Yredelemnul
Zin
The Shining One


Innate Abilities, Weirdness & Mutations

You are a hulking beast.
Your limbs bulge with bestial killing power. (Slay +4)
You cannot wear most types of armour.
You are amphibious.
You can wear up to eight rings at the same time.
Your skin changes colour to match your surroundings (Stealth+).
Your rubbery body absorbs attacks. (AC +1, EV +1)
((You are camouflaged when in or above water. (Stealth+)))
You have tentacles for arms and can constrict up to eight enemies at once.


Message History

Things that are here:
a +0 spear; a gnoll corpse You tentacle-slap the gnoll sergeant.
You grab the gnoll sergeant. You tentacle-slap the gnoll sergeant.
The gnoll sergeant is heavily wounded.
You constrict the gnoll sergeant, but do no damage.
You feel very sick. The gnoll closely misses you.
The gnoll sergeant barely misses you. The gnoll hits you with a +0 club.
You tentacle-slap the gnoll.
You kill the gnoll!
The Council accepts your kill.
You constrict the gnoll sergeant.
You feel sick.
Unknown command.
You tentacle-slap the gnoll sergeant.
The gnoll sergeant is severely wounded.
You constrict the gnoll sergeant, but do no damage.
You feel sick. The gnoll barely misses you.
The gnoll sergeant completely misses you.
Unknown command.
You tentacle-slap the gnoll sergeant.
The gnoll sergeant is severely wounded.
You constrict the gnoll sergeant.
You feel sick. The gnoll closely misses you.
The gnoll sergeant hits you with a +2 spear of venom!
* * * LOW HITPOINT WARNING * * *
You are more poisoned.
Unknown command.
You release your grip on the gnoll sergeant.
You lunge at the gnoll.
You bludgeon the gnoll! Your grab misses the gnoll.
The gnoll is severely wounded.
You spin and attack the gnoll sergeant.
You tentacle-slap the gnoll sergeant. You grab the gnoll sergeant.
The gnoll sergeant is almost dead.
You constrict the gnoll sergeant.
You kill the gnoll sergeant!
The Council accepts your kill.
* * * LOW HITPOINT WARNING * * *
You feel very sick. The gnoll hits you with a +0 halberd!
You die...

#.. ... ...#
....#########...#
................#
.................#
.................#
..........g......#
..........h.......
#......))))......
#.#......).......
#................
.#.####'#########.
.^............>.#
.#..............#
#..............##
#.....^..<.......


You could see a gnoll.

Vanquished Creatures
  Jeremiah (D:8)
  A komodo dragon (D:8)
  A shadow (D:9)
  A wyvern (D:7)
  The ghost of Essalna the Stinger, an amateur DsVM (D:4)
  3 steam dragons
  Pargi (Sewer)
  3 black bears
  An orc warrior (D:6)
  An ice beast (D:7)
  6 ogres
  The ghost of vilexx the Magician, an amateur DjHW (D:3)
  A phantom (D:4)
  Blork the orc (D:4)
  3 bullfrogs
  A gnoll sergeant (D:9)
  4 scorpions
  8 wights
  A howler monkey (D:8)
  2 electric eels (D:5)
  5 hounds
  2 orc priests (D:8)
  3 iguanas
  2 orc wizards
  8 gnolls
  7 adders
  A shadow imp (D:5)
  3 worms
  2 dart slugs
  16 orcs
  6 ball pythons
  6 bats
  11 endoplasms
  6 giant cockroaches
  15 goblins
  4 hobgoblins
  2 jackals (D:2)
  3 quokkas
  6 kobolds
  7 rats
157 creatures vanquished.

Notes
Turn   | Place    | Note
-------+----------+-------------------------------------------
     0 | D:1      | Revguard the Octopode Shapeshifter began the quest for the
                  | Orb.
     0 | D:1      | Reached XP level 1. HP: 13/13 MP: 1/1
   188 | D:1      | Reached XP level 2. HP: 12/18 MP: 2/2
   267 | D:1      | Reached skill level 1 in Stealth
   884 | D:2      | Reached XP level 3. HP: 23/23 MP: 3/3
   895 | D:2      | Identified the -2 helmet "Norah" {Will+++ rCorr Str+3
                  | Dex-3}
   902 | D:2      | Reached skill level 1 in Evocations
  1442 | D:2      | Identified the +5 barding of Otaca {+Inv Fly rPois}
  1489 | D:2      | Identified the +4 leather armour "Jiryn" {rPois}
  1982 | D:3      | Found a large runed translucent door.
  1982 | D:3      | Found a large runed translucent door.
  1986 | D:3      | Noticed vilexx's ghost (amateur DjHW)
  2041 | D:3      | Reached XP level 4. HP: 22/28 MP: 4/4
  2229 | D:3      | Found a glowing drain.
  2246 | Sewer    | Entered a sewer
  2265 | Sewer    | Noticed Pargi
  2497 | Sewer    | Killed Pargi
  2498 | Sewer    | Reached XP level 5. HP: 35/35 MP: 5/5
  3223 | D:3      | Killed vilexx's ghost
  3224 | D:3      | Reached XP level 6. HP: 18/41 MP: 6/6
  3642 | D:4      | Found a staircase to the Ecumenical Temple.
  3651 | Temple   | Entered the Ecumenical Temple
  3655 | Temple   | Became a worshipper of the Wu Jian Council
  3686 | D:4      | Noticed a black bear
  3696 | D:4      | Killed a black bear
  3697 | D:4      | Reached XP level 7. HP: 28/46 MP: 7/7
  3774 | D:4      | Noticed Blork the orc
  3965 | D:4      | Killed Blork the orc
  4640 | D:4      | Found a transporter.
  4641 | D:4      | Noticed Essalna's ghost (amateur DsVM)
  4646 | D:4      | Found a transporter.
  4701 | D:5      | Entered Level 5 of the Dungeon
  4842 | D:5      | Found the +5 robe of Misfortune {Harm *Corrode *Slow EV+5}
  4857 | D:5      | Reached XP level 8. HP: 53/53 MP: 8/8
  4914 | D:5      | Reached skill level 5 in Stealth
  5035 | D:5      | Found a basalt altar of Yredelemnul.
  5212 | D:5      | Found a transporter.
  5229 | D:5      | Found a transporter.
  5257 | D:5      | Reached skill level 5 in Shapeshifting
  5261 | D:5      | Reached * piety under Wu Jian
  6074 | D:6      | Reached skill level 5 in Unarmed Combat
  6423 | D:6      | Found a bloodstained altar of Trog.
  6432 | D:6      | Found a shimmering blue altar of Sif Muna.
  6439 | D:6      | Got an uncut book
  7027 | D:7      | Reached XP level 9. HP: 51/59 MP: 9/9
  7156 | D:7      | Reached skill level 5 in Dodging
  7397 | D:7      | Reached skill level 5 in Evocations
  7885 | D:4      | Killed Essalna's ghost
  7890 | D:4      | Reached skill level 5 in Fighting
  8167 | D:8      | Noticed Jeremiah
  9236 | D:8      | Killed Jeremiah
  9237 | D:8      | Reached XP level 10. HP: 37/66 MP: 10/10
  9751 | D:8      | Found a staircase to the Lair.
 10090 | D:9      | Slain by a gnoll

Illustrated notes

Levels and vault maps discovered:
D:1:      minmay_arrival_four_circles, layout_basic,
          chequers_serial_rivers_micro_c, kennysheep_another_room
D:2:      layout_loops_corners, minmay_misc_feat_ornament,
          nicolae_concentric_dashed_squares_mild, minmay_puff
D:3:      layout_basic, cheibrodos_sewer_entry_drain,
          ebering_ghost_disaster_area
D:4:      nicolae_cairo_tiling_large, layout_cave_pools, gammafunk_ghost_smash,
          patterned_corridor, uniq_blork_the_orc
D:5:      gammafunk_steamed_eel, layout_basic, nicolae_overflow_crystal_walls,
          kennysheep_dice
D:6:      layout_basic, nzn_overflow_gifts_of_might_and_magic
D:7:      layout_loops_ring
D:8:      layout_gridville, david_lair_shrubbed, enter_bailey_5, uniq_jeremiah
D:9:      layout_irregular_city, mainiacjoe_overflow_small_starburst,
          xom_confusion_cloud, lemuel_tele_altar, mainiacjoe_overflow_chevrons,
          orc_0_dummy, uniq_joseph
Temple:   nicolae_temple_bog_church

Skill      XL: |  1  2  3  4  5  6  7  8  9 10 |
---------------+-------------------------------+-----
Stealth        | 1 2 3 4 6 7 |  7.8
Evocations     | 1 2 3 4 5 6 |  6.0
Fighting       | 2 3 4 5 |  5.7
Dodging        | 3 4 5 6 |  6.0
Unarmed Combat | 4 5 6 |  6.3
Shapeshifting  | 4 5 7 |  7.3

Action                     |  1- 3 |  4- 6 |  7- 9 | 10-12 || total
---------------------------+-------+-------+-------+-------++-------
  Melee: Unarmed           |    68 |   112 |   250 |    57 ||   487
         Tentacles         |    15 |    15 |    54 |    10 ||    94
         Constrict         |    10 |    16 |    44 |    14 ||    84
         Punch             |     1 |     1 |    10 |     1 ||    13
Ability: Lunge             |       |     1 |    25 |     6 ||    32
         Whirlwind         |       |       |    14 |     6 ||    20
  Evoke: Wand              |       |       |     2 |       ||     2
    Use: Scroll            |     3 |     5 |    10 |       ||    18
         Potion            |       |     3 |     6 |     1 ||    10
   Stab: Sleeping          |    15 |     6 |    22 |       ||    43
         Invisible         |       |       |     1 |       ||     1
         Paralysed         |       |       |     5 |       ||     5
 Armour: Skin              |    18 |   117 |    97 |    24 ||   256
  Dodge: Dodged            |    34 |    56 |   124 |    46 ||   260

Table legend: (Time is in decaauts)
 A = Elapsed time spent in this place.
 B = Non-inter-level travel time spent in this place.
 C = Inter-level travel time spent in this place.
 D = Time resting spent in this place.
 E = Time spent auto-exploring this place.
 F = Levels seen in this place.
 G = Mean time per level.
                   A        B        C        D        E       F      G
               +--------+--------+--------+--------+--------+-----+--------+
         Total |  10044 |   9568 |    476 |    619 |   7074 |  11 |  913.1 |
       Dungeon |   9696 |   9224 |    472 |    584 |   7054 |   9 | 1077.3 |
        Temple |      8 |      4 |      4 |      0 |      0 |   1 |    8.0 |
         Sewer |    339 |    339 |      0 |     35 |     20 |   1 |  339.0 |
               +--------+--------+--------+--------+--------+-----+--------+

Top non-repeatable levels by time:
     D:8: 1734 daAuts
     D:4: 1441 daAuts
     D:5: 1297 daAuts
     D:3: 1260 daAuts
     D:2: 1062 daAuts
     D:6: 1038 daAuts
     D:7: 988 daAuts
     D:1: 853 daAuts
   Sewer: 339 daAuts
     D:9: 19 daAuts
  Temple: 8 daAuts
